 Dungeon Crawl Stone Soup version 0.31-a0-1424-g2add1c7226 (webtiles) character file.

Game seed: 6653416255957982543

22630 Atlas the Thaumaturge (level 12, -17/82 HPs)
             Began as a Demonspawn Fire Elementalist on Dec 26, 2023.
             Was a High Priest of Vehumet.
             Killed from afar by an ironbound thunderhulk (41 damage)
             ... with a bolt of lightning
             ... on level 13 of the Dungeon.
             The game lasted 00:33:05 (14354 turns).

Atlas the Thaumaturge (DsFE)                       Turns: 14354, Time: 00:33:06

Health: -17/82     AC: 10    Str:  9      XL:     12   Next: 64%
Magic:  0/27       EV: 24    Int: 15      God:    Vehumet [*****.]
Gold:   1092       SH:  4    Dex: 13 (14) Spells: 21/34 levels left

rFire   . . .        y - +1 whip (elec)
rCold   + + .        A - +0 buckler
rNeg    . . .        P - +0 acid dragon scales
rPois   +            t - +2 helmet of Unreason {rPois rC++ Will+ Int-5}
rElec   .            m - scarf {repulsion}
rCorr   +            (no gloves)
SInv    .            (no boots)
Will    +....        K - amulet of magic regeneration
Stlth   ++           n - +5 ring of evasion
HPRegen 0.33/turn    G - +5 ring of evasion
MPRegen 0.80/turn

%: repel missiles, guardian spirit
@: about to teleport
A: claws 1, repulsion field 1, magic shield, magic regeneration
a: Renounce Religion


You were on level 13 of the Dungeon.
You worshipped Vehumet.
Vehumet was extremely pleased with you.
You visited 2 branches of the dungeon, and saw 14 of its levels.

You collected 1092 gold pieces.

Inventory:

Hand Weapons
 y - a +1 whip of electrocution (weapon)
Missiles
 p - a throwing net
Armour
 m - a scarf of repulsion (worn)
 t - the +2 helmet of Unreason (worn) {rPois rC++ Will+ Int-5}
   (You found it on level 3 of the Dungeon)

   Int-5:     It affects your intelligence (-5).
   rC++:      It greatly protects you from cold.
   rPois:     It protects you from poison Will+: It increases your willpower.
 A - a +0 buckler (worn)
 H - an orb of guile
 M - a +0 troll leather armour
 P - +0 acid dragon scales (worn)
Magical Staves
 C - a staff of alchemy
Jewellery
 g - a +6 ring of dexterity
 n - a +5 ring of evasion (left claw)
 G - a +5 ring of evasion (right claw)
 K - an amulet of magic regeneration (around neck)
 O - a ring of poison resistance
Wands
 a - a wand of paralysis (14)
 i - a wand of iceblast (6)
 B - a wand of polymorph (13)
 D - a wand of flame (12)
 E - a wand of quicksilver (27)
Scrolls
 c - a scroll of brand weapon
 d - 2 scrolls of identify
 h - a scroll of fog
 j - 2 scrolls of vulnerability {unknown}
 l - a scroll of noise
 o - 2 scrolls of enchant armour
 q - a scroll of enchant weapon
 s - 4 scrolls of teleportation
 u - a scroll of poison {unknown}
 F - a scroll of torment {unknown}
 J - a scroll of blinking {unknown}
 N - a scroll of revelation {unknown}
Potions
 b - 3 potions of magic
 e - a potion of invisibility
 f - 5 potions of curing
 k - 2 potions of resistance
 r - 2 potions of mutation
 v - a potion of degeneration
 w - 3 potions of lignification
 x - 4 potions of ambrosia
 z - 2 potions of enlightenment
 I - 3 potions of might
 L - a potion of cancellation


   Skills:
 + Level 3.6 Fighting
 + Level 1.7 Short Blades
 + Level 3.3 Maces & Flails
 + Level 3.4 Armour
 + Level 4.7 Dodging
 + Level 4.5 Stealth
 + Level 1.6 Shields
 + Level 11.8 Spellcasting
 + Level 7.9 Conjurations
 + Level 10.9 Fire Magic
 + Level 1.3 Air Magic
 + Level 2.3 Earth Magic
 + Level 0.9 Alchemy
 + Level 0.3 Evocations


You had 21 spell levels left.
You knew the following spells:

 Your Spells              Type           Power      Damage    Failure   Level
a - Scorch                Fire           82%        2d8       1%          2
b - Foxfire               Conj/Fire      100%       2x1d9     1%          1
c - Mephitic Cloud        Conj/Alch/Air  19%        N/A       4%          3
d - Flame Wave            Conj/Fire      37%        2d10      1%          4
e - Stone Arrow           Conj/Erth      48%        3d10      2%          3

Your spell library contained the following spells:

 Spells                   Type           Power      Damage    Failure   Level
 Arcjolt                  Conj/Air       11%        1d21      21%         5
 Inner Flame              Hex/Fire       25%        N/A       1%          3
 Volatile Blastmotes      Fire/Tloc      50%        2d14      1%          3
 Fireball                 Conj/Fire      18%        3d9       3%          5
 Mercury Vapours          Alch/Air       24%        N/A       5%          2
 Irradiate                Conj/Alch      11%        3d15      24%         5
 Lesser Beckoning         Tloc           16%        N/A       30%         2
 Freezing Cloud           Conj/Ice/Air   9%         6-21      36%         5
 Gell's Gravitas          Tloc           8%         N/A       52%         3
 Teleport Other           Tloc           8%         N/A       52%         3
 Cause Fear               Hex            4%         N/A       90%         4
 Manifold Assault         Tloc           8%         N/A       90%         4
 Ignition                 Fire           20%        3d7       97%         8
 Alistair's Intoxication  Alch           7%         N/A       98%         5
 Borgnjor's Vile Clutch   Necr/Erth      6%         N/A       98%         5
 Eringya's Noxious Bog    Alch           5%         4d6       99%         6
 Dispersal                Tloc           4%         N/A       100%        6
 Disjunction              Tloc           4%         N/A       100%        8
 Dragon's Call            Summ           4%         N/A       100%        9


Dungeon Overview and Level Annotations

Branches:
Dungeon (13/15)            Temple (1/1) D:5            Lair (0/5) D:8
    Orc (0/2) D:11
 Vaults: D:13-14

Altars:
Ashenzari
Cheibriados
Dithmenos
Fedhas
Gozag
Hepliaklqana
Kikubaaqudgha
Makhleb
Nemelex Xobeh
Okawaru
Qazlal
Ru
Sif Muna
Trog
Uskayaw
Vehumet
Wu Jian
Xom
Yredelemnul

Shops:
D:3 =   D:10 =


Innate Abilities, Weirdness & Mutations

You have sharp fingernails.
You are surrounded by a mild repulsion field. (EV +2)
When hurt, damage is shared between your health and your magic reserves.
You regenerate magic rapidly.


Message History

The vault guard is engulfed in noxious fumes.
Unknown command.
You hit the slime creature.
The slime creature is severely wounded.
The slime creature hits you.
The vault guard is engulfed in noxious fumes.
The vault guard appears confused.
The vault guard hits the human with a +0 long sword!
The vault guard is engulfed in noxious fumes.
The vault guard appears confused.
Electricity crackles from the ironbound thunderhulk's apparatus.
The bolt of lightning hits you!!
* * * LOW HITPOINT WARNING * * *
The vault guard is engulfed in noxious fumes.
Okay, then.
As you read the scroll of teleportation, it crumbles to dust.
You feel strangely unstable. The slime creature barely misses you.
The vault guard is engulfed in noxious fumes.
The vault guard appears confused.
The vault guard is engulfed in noxious fumes.
The vault guard grins madly.
Casting: Mephitic Cloud (mildly dangerous; 4% risk of failure)
Confirm with . or Enter, or press ? or * to list all spells.
Flames lash the vault guard but do no damage.
The slime creature hits you!
* * * LOW HITPOINT WARNING * * *
The vault guard is engulfed in noxious fumes.
Unknown command.
You feel better.
The slime creature hits you but does no damage.
The vault guard hits the slime creature with a +0 long sword!
The vault guard is engulfed in noxious fumes.
The vault guard completely misses the vault guard.
The vault guard hits itself with a +0 dire flail!!
The human is engulfed in noxious fumes.
The human appears confused.
The human barely misses the ironbound thunderhulk.
Electricity crackles from the ironbound thunderhulk's apparatus.
The bolt of lightning hits you!!!
Ouch! That really hurt!
You die...

##.## ######.##..# #..# #....##
##[# ##...# #.##########...###
#..##...#....#.).# ###
##.#.........)##.# ###..####
#.............#)#
##....'..#######.............#..
......'.†OpppJ.@^...)........###
##....'..##.######..........####
###..#####.# #....##^..####. ###
#.# #...#######.... #.# ###.#
#.... #.# .. #.... #.# #.. #....
#.# #.... #.# #....


You could see an ironbound thunderhulk, 2 vault guards, a slime creature and a
human (confused).

Vanquished Creatures
  Erica (D:9)
  A centaur warrior (D:13)
  3 two-headed ogres
  A deep elf pyromancer (D:13)
  A cyclops (D:13)
  3 meliai (D:13)
  2 unseen horrors
  5 orange demons (D:11)
  2 gargoyles
  8 kobold demonologists
  A komodo dragon (D:8)
  Jeremiah (D:6)
  2 red devils (D:11)
  A queen bee (D:10)
  5 trolls
  Grinder (D:3)
  2 hornets
  3 slime creatures (D:13)
  A shadow (D:9)
  4 yaks
  A human (D:13)
  3 vampire mosquitoes (D:12)
  Menkaure (D:6)
  An acid dragon (D:12)
  Duvessa (D:5)
  4 water moccasins
  A meliai simulacrum (D:12)
  2 sky beasts
  3 black bears
  9 orc warriors
  6 ogres
  5 centaurs
  A phantom (D:4)
  6 kobold brigands
  3 bullfrogs (D:8)
  A gnoll sergeant (D:9)
  3 scorpions
  9 wights
  Dowan (D:5)
  39 killer bees
  7 howler monkeys
  A bombardier beetle (D:5)
  4 electric eels (D:9)
  A jelly (D:7)
  21 orc priests
  5 gnoll boudas
  5 hounds
  Jessica (D:3)
  2 iguanas
  2 sleepcaps
  11 orc wizards
  Ijyb (D:3)
  30 gnolls
  11 adders
  2 shadow imps (D:8)
  A white imp (D:6)
  5 ufetubi
  A worm (D:3)
  5 dart slugs
  95 orcs
  11 ball pythons
  3 endoplasms
  A giant cockroach (D:1)
  4 goblins
  A hobgoblin (D:2)
  14 jackals (D:3)
  2 quokkas
  7 bats
  4 frilled lizards
  20 kobolds
  7 rats
433 creatures vanquished.

Vanquished Creatures (collateral kills)
  An orc wizard (D:11)
  2 orcs (D:11)
  110 foxfires (D:8)
113 creatures vanquished.

Vanquished Creatures (others)
  A kobold (D:13)
  1478 foxfires
1479 creatures vanquished.

Grand Total: 2025 creatures vanquished

Notes
Turn   | Place    | Note
-------+----------+-------------------------------------------
     0 | D:1      | Atlas the Demonspawn Fire Elementalist began the quest for
                  | the Orb.
     0 | D:1      | Reached XP level 1. HP: 13/13 MP: 3/3
   135 | D:1      | Found a faded altar of an unknown god.
   562 | D:1      | Gained mutation: You regenerate magic rapidly. [demonic
                  | ancestry]
   562 | D:1      | Reached XP level 2. HP: 18/19 MP: 1/5
  1268 | D:2      | Reached XP level 3. HP: 24/24 MP: 2/6
  1381 | D:2      | Learned a level 2 spell: Scorch
  2110 | D:2      | Reached XP level 4. HP: 30/30 MP: 0/7
  2393 | D:3      | Noticed Jessica
  2400 | D:3      | Killed Jessica
  2570 | D:2      | Reached XP level 5. HP: 17/35 MP: 1/9
  2831 | D:3      | Found an opulent altar of Gozag.
  2855 | D:3      | Reached skill level 3 in Spellcasting
  2874 | D:3      | Noticed Ijyb
  2874 | D:3      | Paralysed by Ijyb for 5 turns
  2882 | D:3      | Killed Ijyb
  3072 | D:3      | Found Heskoup's One-of-a-Kind Rings.
  3230 | D:3      | Gained mutation: You are surrounded by a mild repulsion
                  | field. (EV +2) [demonic ancestry]
  3230 | D:3      | Reached XP level 6. HP: 41/41 MP: 0/11
  3742 | D:3      | Reached skill level 1 in Short Blades
  3939 | D:3      | Learned a level 3 spell: Mephitic Cloud
  4040 | D:3      | Identified the +2 helmet of Unreason {rPois rC++ Will+
                  | Int-5}
  4130 | D:3      | Reached skill level 4 in Spellcasting
  4136 | D:3      | Reached XP level 7. HP: 39/47 MP: 1/13
  4149 | D:3      | Noticed Grinder
  4302 | D:3      | Killed Grinder
  4303 | D:3      | Reached skill level 1 in Armour
  4303 | D:3      | Reached skill level 5 in Fire Magic
  4481 | D:3      | Reached skill level 1 in Fighting
  4737 | D:4      | Reached skill level 5 in Spellcasting
  4961 | D:4      | Gained mutation: When hurt, damage is shared between your
                  | health and your magic reserves. [demonic ancestry]
  4961 | D:4      | Reached XP level 8. HP: 51/54 MP: 7/15
  5735 | D:5      | Entered Level 5 of the Dungeon
  5735 | D:5      | Found a staircase to the Ecumenical Temple.
  5750 | Temple   | Entered the Ecumenical Temple
  5772 | Temple   | Became a worshipper of Vehumet
  6102 | D:5      | Reached skill level 6 in Spellcasting
  6703 | D:6      | Noticed Duvessa
  6703 | D:6      | Noticed Dowan
  6803 | D:5      | Killed Duvessa
  6823 | D:5      | Killed Dowan
  6917 | D:6      | Noticed Menkaure
  6935 | D:6      | Killed Menkaure
  6936 | D:6      | Reached XP level 9. HP: 59/59 MP: 4/19
  7271 | D:6      | You fall into a shaft and drop 3 floors!
  7271 | D:9      | Found a blossoming altar of Fedhas.
  7271 | D:9      | Found a hide-covered altar of Uskayaw.
  7280 | D:10     | Entered Level 10 of the Dungeon
  7280 | D:10     | Noticed a kobold demonologist
  7290 | D:9      | Noticed an ice devil
  7293 | D:9      | Noticed a rust devil
  7297 | D:10     | Noticed an ice devil
  7303 | D:9      | Noticed a smoke demon
  7308 | D:10     | Noticed a hellwing
  7311 | D:9      | Killed a kobold demonologist
  7312 | D:9      | Reached skill level 7 in Spellcasting
  7639 | D:9      | Found Ciowk's Antique Armour Shoppe.
  7707 | D:9      | Reached * piety under Vehumet
  7707 | D:9      | Offered knowledge of Kiss of Death by Vehumet.
  7912 | D:8      | Reached skill level 8 in Spellcasting
  8309 | D:7      | Gained mutation: You have sharp fingernails. [demonic
                  | ancestry]
  8309 | D:7      | Reached XP level 10. HP: 67/67 MP: 16/22
  8495 | D:6      | Reached ** piety under Vehumet
  8495 | D:6      | Offered knowledge of Static Discharge by Vehumet.
  8650 | D:6      | Noticed Jeremiah
  8660 | D:6      | Killed Jeremiah
  9256 | D:7      | Reached skill level 9 in Spellcasting
  9282 | D:7      | Found a shimmering blue altar of Sif Muna.
  9562 | D:8      | Found a transporter.
  9707 | D:7      | Learned a level 4 spell: Flame Wave
  9801 | D:8      | Reached skill level 5 in Conjurations
 10063 | D:8      | Found a transporter.
 10848 | D:8      | Found a staircase to the Lair.
 10994 | D:9      | Reached skill level 10 in Spellcasting
 11106 | D:9      | Offered knowledge of Stone Arrow by Vehumet.
 11114 | D:9      | Noticed a two-headed ogre
 11206 | D:9      | Reached *** piety under Vehumet
 11210 | D:9      | Reached XP level 11. HP: 72/72 MP: 12/25
 11275 | D:9      | Noticed Erica
 11281 | D:9      | Killed Erica
 11289 | D:9      | Killed a two-headed ogre
 11346 | D:9      | Learned a level 3 spell: Stone Arrow
 11566 | D:9      | Offered knowledge of Ignite Poison by Vehumet.
 11636 | D:10     | Reached **** piety under Vehumet
 11730 | D:10     | Noticed a two-headed ogre
 11739 | D:10     | Killed a two-headed ogre
 11855 | D:10     | Offered knowledge of Lee's Rapid Deconstruction by Vehumet.
 11901 | D:10     | Found Nar Rug's Jewellery Boutique.
 12047 | D:10     | Reached skill level 10 in Fire Magic
 12052 | D:10     | Reached skill level 1 in Maces & Flails
 12485 | D:11     | Noticed a two-headed ogre
 12493 | D:11     | Killed a two-headed ogre
 12494 | D:11     | Reached skill level 11 in Spellcasting
 12525 | D:11     | Reached ***** piety under Vehumet
 12534 | D:11     | Offered knowledge of Iskenderun's Mystic Blast by Vehumet.
 12540 | D:11     | Reached skill level 1 in Shields
 12811 | D:11     | Reached skill level 1 in Earth Magic
 12930 | D:11     | Found a staircase to the Orcish Mines.
 13294 | D:12     | Reached XP level 12. HP: 81/81 MP: 19/27
 13635 | D:12     | Identified the +1 dire flail of the End of Times {heavy,
                  | rElec rF+ Will-}
 13977 | D:13     | Noticed a centaur warrior
 13987 | D:13     | Killed a centaur warrior
 14195 | D:13     | Offered knowledge of Arcjolt by Vehumet.
 14223 | D:13     | Reached skill level 1 in Air Magic
 14330 | D:13     | Noticed a vault guard
 14336 | D:13     | Noticed a vault guard
 14338 | D:13     | Noticed an ironbound thunderhulk
 14354 | D:13     | Killed from afar by an ironbound thunderhulk

Illustrated notes

Levels and vault maps discovered:
D:1:      nicolae_arrival_memento_mori, layout_loops_corners,
          hellmonk_ecumenical_altar_arch_garden
D:2:      layout_basic, minmay_increasing_density
D:3:      lemuel_castle_with_subvaults [lemuel_castle_interior_carwin_2],
          layout_basic, amcnicky_altar_gilded, dk_vineyard_2,
          nicolae_shop_unique_rings, reono_crystal_passage, minivault_23,
          uniq_ijyb, uniq_jessica, uniq_grinder
D:4:      layout_loops_ring, serial_glass, glass_columns_a, glass_columns_b,
          due_unseen_surprise, feat_on_display, feat_on_display, feat_on_display
D:5:      layout_loops_ring, minmay_temple_entry_drinking_statues
D:6:      layout_basic, uniq_duvessa, uniq_jeremiah, uniq_menkaure
D:7:      layout_rooms, serial_library, serial_library_regret_index_split_case,
          serial_library_hellmonk_junction, serial_library_hellmonk_open_square,
          serial_library_hellmonk_narrow_alcove, serial_park_tiny_1,
          grunt_decor_resistance, minivault_26, hangedman_minor_gate_pass
D:8:      gammafunk_wand_slinger, layout_gridville,
          grunt_lair_entry_orc_guard_hut
D:9:      layout_big_octagon, nicolae_overflow_hidden_temple, serial_shops,
          shop, uniq_erica
D:10:     layout_roguey [special_room_orc], serial_shops, shop, special_room
          [special_room_bee], grunt_decor_one_mirror
D:11:     layout_long_grid, hiddenorc1_lemuel, serial_rivers,
          chequers_serial_rivers_room_a, chequers_serial_rivers_large_a,
          chequers_serial_rivers_room_b, chequers_serial_rivers_small_b,
          minmay_beelzebubs_servants
D:12:     layout_roguey [special_room_orc]
D:13:     layout_rooms, hellmonk_vaults_keyhole, uniq_urug
Temple:   nicolae_temple_bog_church

Skill      XL: |  1  2  3  4  5  6  7  8  9 10 11 12 |
---------------+-------------------------------------+-----
Fire Magic     | 3 4 5 6 8 9 10 | 10.9
Dodging        | 2 3 4 |  4.7
Stealth        | 2 3 4 |  4.5
Conjurations   | 2 3 4 5 6 7 |  7.9
Spellcasting   | 3 4 5 6 8 10 11 | 11.8
Short Blades   | 1 |  1.7
Armour         | 1 2 3 |  3.4
Fighting       | 1 3 |  3.6
Maces & Flails | 1 3 |  3.3
Shields        | 1 |  1.6
Earth Magic    | 1 2 |  2.3
Air Magic      | 1 |  1.3
Alchemy        | |  0.9
Evocations     | |  0.3

Action                     |  1- 3 |  4- 6 |  7- 9 | 10-12 || total
---------------------------+-------+-------+-------+-------++-------
  Melee: Unarmed           |     7 |       |       |       ||     7
         Dagger            |    10 |     6 |       |       ||    16
         Punch             |     1 |     1 |     2 |       ||     4
         Short sword       |       |    45 |    66 |       ||   111
         Whip              |       |       |    18 |   225 ||   243
   Cast: Foxfire           |    78 |   163 |   213 |   449 ||   903
         Scorch            |     2 |    25 |   122 |   120 ||   269
         Flame Wave        |       |       |       |    14 ||    14
         Mephitic Cloud    |       |       |       |    22 ||    22
         Stone Arrow       |       |       |       |    80 ||    80
  Evoke: Wand              |       |       |     2 |     2 ||     4
    Use: Scroll            |       |       |     9 |     7 ||    16
         Potion            |       |       |       |     7 ||     7
   Stab: Sleeping          |     1 |       |       |       ||     1
         Confused          |       |       |       |    11 ||    11
         Distracted        |       |       |       |     1 ||     1
 Armour: Robe              |    13 |    10 |       |       ||    23
         Leather armour    |       |    21 |    75 |    27 ||   123
         Troll leather arm |       |       |       |    87 ||    87
         Acid dragon scale |       |       |       |    42 ||    42
  Dodge: Dodged            |    23 |    75 |   208 |   529 ||   835
         Repelled          |     1 |       |     1 |     4 ||     6
  Block: Buckler           |       |       |       |   103 ||   103

Table legend: (Time is in decaauts)
 A = Elapsed time spent in this place.
 B = Non-inter-level travel time spent in this place.
 C = Inter-level travel time spent in this place.
 D = Time resting spent in this place.
 E = Time spent auto-exploring this place.
 F = Levels seen in this place.
 G = Mean time per level.
                   A        B        C        D        E       F      G
               +--------+--------+--------+--------+--------+-----+--------+
         Total |  14353 |  13676 |    677 |    990 |   9559 |  14 | 1025.2 |
       Dungeon |  14312 |  13674 |    638 |    990 |   9559 |  13 | 1100.9 |
        Temple |     40 |      1 |     39 |      0 |      0 |   1 |   40.0 |
               +--------+--------+--------+--------+--------+-----+--------+

Top non-repeatable levels by time:
     D:3: 1998 daAuts
     D:8: 1582 daAuts
     D:2: 1418 daAuts
     D:1: 1227 daAuts
     D:9: 1061 daAuts
     D:4: 1052 daAuts
     D:7: 1000 daAuts
     D:6: 999 daAuts
     D:5: 998 daAuts
    D:10: 974 daAuts
    D:11: 923 daAuts
    D:12: 597 daAuts
    D:13: 477 daAuts
  Temple: 40 daAuts
